[Event "Titled Tuesday Blitz April 25 Early 2023"]
[White "Heinemann, Josefine"]
[Black "Ingebretsen, Jens E"]
[WhiteFideId "12900460"]
[BlackFideId "1522965"]
[WhiteElo "2342"]
[BlackElo "2213"]
[Result "1-0"]
[Round "03"]
[TimeControl "180+2"]
[Date "2023.04.25"]
[WhiteClock "0:00:35"]
[BlackClock "0:00:09"]

1. d4 Nf6 2. c4 g6 3. Nc3 Bg7 4. e3 O-O 5. Nf3 d5 6. Be2 dxc4 7. Bxc4 c5 8. O-O Bg4 9. dxc5 Nc6 10. h3 Qxd1 11. Rxd1 Bxf3 12. gxf3 Rfd8 13. Bd2 Nd7 14. Ne4 Nde5 15. Be2 Nd3 16. Bxd3 Rxd3 17. Bc3 Rxd1+ 18. Rxd1 f5 19. Bxg7 fxe4 20. Bc3 exf3 21. Kh2 Rd8 22. Rxd8+ Nxd8 23. Kg3 Ne6 24. b4 Ng5 25. Bd4 Kf7 26. h4 Ne6 27. Kxf3 Nc7 28. Ke4 Ke6 29. a4 a6 30. Bc3 Nd5 31. Be1 Nf6+ 32. Kd4 Ng4 33. f3 Ne5 34. Ke4 Nf7 35. b5 axb5 36. axb5 g5 37. h5 Ne5 38. Bg3 Nd7 39. Kd4 h6 40. c6 bxc6 41. bxc6 Nf6 42. Kc5 Ne8 43. Kb6 Kf5 44. e4+ Kf6 45. c7 Nxc7 46. Kxc7 g4 47. f4 e5 48. fxe5+ Ke6 49. Kc6 Ke7 50. Kd5 Kd7 51. e6+ Ke7 52. Bh4+ Ke8 53. Kd6 g3 54. Bxg3 Kd8 55. e7+ Ke8 56. Bf4 Kf7 57. Kd7 Kg7 58. e8=Q Kh7 59. Qg6+ Kh8 60. Be5# 1-0


[Site "https://www.chess.com"]

[Event "Titled Tuesday Blitz April 25 Early 2023"]
[White "Saveliev, Alexei"]
[Black "Santos Flores, Alberto"]
[WhiteFideId "24128546"]
[BlackFideId "3601234"]
[WhiteElo "2271"]
[BlackElo "2235"]
[Result "0-1"]
[Round "03"]
[TimeControl "180+2"]
[Date "2023.04.25"]
[WhiteClock "0:00:01"]
[BlackClock "0:00:15"]

1. c4 c6 2. Nc3 d5 3. cxd5 cxd5 4. d4 Nf6 5. Nf3 Nc6 6. Bg5 Ne4 7. Bh4 Bf5 8. e3 Nxc3 9. bxc3 Qa5 10. Qb3 e6 11. Be2 Bd6 12. O-O Rb8 13. c4 dxc4 14. Bxc4 O-O 15. Bd3 Bxd3 16. Qxd3 Rfc8 17. Ng5 g6 18. Ne4 Bf8 19. Nf6+ Kg7 20. Nd7 Ra8 21. Bf6+ Kg8 22. Nxf8 Rxf8 23. e4 Rfc8 24. e5 Qb4 25. Rfd1 Qf8 26. Rab1 b6 27. a3 Ne7 28. Rdc1 Nd5 29. Qf3 Rxc1+ 30. Rxc1 Rc8 31. Rxc8 Qxc8 32. g3 Qc3 33. Qe4 Qxa3 34. Kg2 a5 35. Qc2 Qc3 36. Qe4 a4 37. Qh4 Qc6 38. Kh3 Qc8 39. Qh6 Qf8 40. Qc1 a3 41. Qc2 Qa8 42. Qa2 b5 43. Kg4 b4 0-1


[Site "https://www.chess.com"]

[Event "Titled Tuesday Blitz April 25 Early 2023"]
[White "HamedWafa4"]
[Black "hakanazeri2"]
[WhiteElo "2460"]
[BlackElo "2634"]
[Result "0-1"]
[Round "03"]
[TimeControl "180+2"]
[Date "2023.04.25"]
[WhiteClock "0:00:41"]
[BlackClock "0:01:10"]

1. e4 c5 2. Nf3 d6 3. Bb5+ Bd7 4. Bxd7+ Qxd7 5. O-O Nc6 6. c3 e6 7. d4 cxd4 8. cxd4 d5 9. e5 Nge7 10. Nc3 Ng6 11. h4 Bb4 12. h5 Nge7 13. h6 gxh6 14. Bxh6 Nf5 15. Bg5 Rg8 16. Bf6 Be7 17. Bxe7 Ncxe7 18. Qa4 Qxa4 19. Nxa4 Ng6 20. g3 h5 21. Rfc1 h4 22. Rc7 hxg3 23. fxg3 Nf4 24. Kf2 Rxg3 25. Rh1 Kf8 26. Rh8+ Kg7 27. Rxa8 Rg2+ 28. Ke1 Ne3 29. Ng1 Nd3# 0-1


[Site "https://www.chess.com"]

[Event "Titled Tuesday Blitz April 25 Early 2023"]
[White "Williams, Simon K"]
[Black "Dudzinski, Pawel"]
[WhiteFideId "404454"]
[BlackFideId "1117890"]
[WhiteElo "2468"]
[BlackElo "2099"]
[Result "1/2-1/2"]
[Round "03"]
[TimeControl "180+2"]
[Date "2023.04.25"]
[WhiteClock "0:00:05"]
[BlackClock "0:00:09"]

1. d4 d5 2. Nc3 c6 3. Bf4 Nf6 4. e3 g6 5. h4 h5 6. Nf3 Bg7 7. Ne5 Bf5 8. f3 Nbd7 9. g4 hxg4 10. fxg4 Be4 11. Rh2 Nxe5 12. Bxe5 Rh7 13. g5 Nh5 14. Bxg7 Nxg7 15. Nxe4 dxe4 16. Qg4 Nf5 17. Qxe4 Qd5 18. Qf4 O-O-O 19. Bh3 e6 20. Bxf5 exf5 21. Kf2 Re8 22. Qf3 Re4 23. h5 Rxh5 24. Rxh5 gxh5 25. Qxh5 Rg4 26. Qh8+ Kd7 27. Rg1 Rxg1 28. Kxg1 Qxa2 29. Qf6 Qb1+ 30. Kh2 Qxc2+ 31. Kg3 Qe4 32. Qxf7+ Kd6 33. Qf8+ Kd5 34. Qc5+ Ke6 35. Qc4+ Kd6 36. Qb4+ Kc7 37. Qb3 f4+ 38. exf4 Qxd4 39. Kg4 Qg1+ 40. Kf5 Qb1+ 41. Kf6 Qh7 42. g6 Qh4+ 43. Ke6 Qxf4 44. g7 Qg4+ 45. Kf7 Qf5+ 46. Kg8 Qc8+ 47. Kh7 Qf5+ 48. Kh8 Qh5+ 49. Kg8 Qe8+ 50. Kh7 Qh5+ 51. Kg8 Qe8+ 52. Kh7 Qh5+ 53. Kg8 1/2-1/2


[Site "https://www.chess.com"]

[Event "Titled Tuesday Blitz April 25 Early 2023"]
[White "Antonica, Dragos-Andrei"]
[Black "Yeritsyan, Hayk"]
[WhiteFideId "1246372"]
[BlackFideId "13307320"]
[WhiteElo "2285"]
[BlackElo "2456"]
[Result "0-1"]
[Round "03"]
[TimeControl "180+2"]
[Date "2023.04.25"]
[WhiteClock "0:00:05"]
[BlackClock "0:00:09"]

1. Nf3 Nf6 2. b3 d6 3. Bb2 e5 4. g3 g6 5. Bg2 Bg7 6. O-O O-O 7. d3 c5 8. Nbd2 Nc6 9. e3 Rb8 10. a3 b5 11. a4 a6 12. axb5 axb5 13. Qe2 Bb7 14. c4 b4 15. Ne4 Nxe4 16. dxe4 Qc7 17. Qd3 Rfd8 18. Rfd1 Bf8 19. h4 Ra8 20. h5 Rxa1 21. Bxa1 Ra8 22. Ng5 Qe7 23. f4 Bg7 24. Bb2 Ra2 25. Bc1 Ra1 26. Bb2 Ra2 27. Bc1 exf4 28. gxf4 Na5 29. hxg6 hxg6 30. Bf3 Bc3 31. e5 dxe5 32. Qd8+ Qxd8 33. Rxd8+ Kg7 34. Bxb7 Nxb7 35. Rd7 exf4 36. exf4 Bd4+ 37. Kh1 Na5 38. Rxf7+ Kg8 39. f5 gxf5 40. Rxf5 Ra1 41. Rf1 Nxb3 0-1


[Site "https://www.chess.com"]

[Event "Titled Tuesday Blitz April 25 Early 2023"]
[White "Melikhov, Evgeny V."]
[Black "Nikologorskiy, Konstantin"]
[WhiteFideId "4122046"]
[BlackFideId "24111708"]
[WhiteElo "2158"]
[BlackElo "2293"]
[Result "0-1"]
[Round "03"]
[TimeControl "180+2"]
[Date "2023.04.25"]
[WhiteClock "0:00:12"]
[BlackClock "0:00:54"]

1. d4 Nf6 2. c4 e6 3. Nc3 Bb4 4. Qc2 O-O 5. e4 d5 6. e5 Ne4 7. Bd3 c5 8. Nf3 cxd4 9. Nxd4 Nd7 10. Bf4 Ndc5 11. O-O Bxc3 12. bxc3 Bd7 13. cxd5 exd5 14. f3 Nxd3 15. Qxd3 Nc5 16. Qe3 Rc8 17. Bg5 Qc7 18. Be7 Rfe8 19. Qg5 Ne6 20. Nxe6 fxe6 21. Bf6 Bb5 22. Rfd1 Kh8 23. Rd4 gxf6 24. exf6 Qf7 25. Rg4 Rg8 26. Qe5 Rcf8 27. Re1 Qxf6 28. Rxg8+ Kxg8 29. Qd6 Re8 30. Re5 Qe7 31. Qxe7 Rxe7 32. f4 Kf7 33. Kf2 Rc7 34. Re3 Rc4 0-1


[Site "https://www.chess.com"]

[Event "Titled Tuesday Blitz April 25 Early 2023"]
[White "TartineDeNutella"]
[Black "Jimenez Jimenez, Leandro"]
[BlackFideId "6415253"]
[WhiteElo "2622"]
[BlackElo "2263"]
[Result "1-0"]
[Round "03"]
[TimeControl "180+2"]
[Date "2023.04.25"]
[WhiteClock "0:00:53"]
[BlackClock "0:00:03"]

1. d4 d5 2. c4 dxc4 3. Nc3 a6 4. a4 Nc6 5. Nf3 Nf6 6. e3 Na5 7. Nd2 c5 8. Nxc4 cxd4 9. exd4 Bf5 10. Be3 e6 11. Nxa5 Qxa5 12. Be2 Bb4 13. O-O O-O 14. Bf3 Bxc3 15. bxc3 Be4 16. c4 Rac8 17. Bxe4 Nxe4 18. c5 Nf6 19. Rb1 Qc7 20. Qb3 Rb8 21. Qb6 Qd7 22. Rb3 Nd5 23. Qa5 f5 24. Bd2 h6 25. Re1 Rf6 26. Rc1 Rg6 27. c6 Qe7 28. c7 Rc8 29. Rxb7 f4 30. Rb8 Qd7 31. Qxa6 1-0


[Site "https://www.chess.com"]

[Event "Titled Tuesday Blitz April 25 Early 2023"]
[White "Ibadov, Dashgyn"]
[Black "Mrudul Dehankar"]
[WhiteFideId "24107514"]
[BlackFideId "25096990"]
[WhiteElo "2208"]
[BlackElo "2139"]
[Result "0-1"]
[Round "03"]
[TimeControl "180+2"]
[Date "2023.04.25"]
[WhiteClock "0:00:01"]
[BlackClock "0:00:08"]

1. e4 c6 2. d4 d5 3. e5 Bf5 4. Nf3 e6 5. Be2 Ne7 6. O-O Nd7 7. a4 h6 8. a5 g5 9. a6 b6 10. Ne1 Qc7 11. f4 gxf4 12. Bxf4 c5 13. Nc3 Nc6 14. Nb5 Qd8 15. Nf3 Be7 16. c4 Nf8 17. cxd5 exd5 18. Qa4 Qd7 19. Rac1 Ne6 20. Be3 Bg6 21. dxc5 bxc5 22. Rfd1 d4 23. Bc4 Kf8 24. Bf2 Rc8 25. Bg3 Kg7 26. h3 Rhd8 27. Kh2 Nb4 28. b3 Nc2 29. Nd6 Qxa4 30. bxa4 Rb8 31. Nh4 Ne3 32. Nxg6 Kxg6 33. Re1 Nxc4 34. Nxc4 Rb4 35. Re4 Rxa4 36. Rg4+ Kh7 37. Nd2 Rxa6 38. Rf1 Rf8 39. Ne4 Ng5 40. Nd2 Ra2 41. Nc4 Rc2 0-1


[Site "https://www.chess.com"]

[Event "Titled Tuesday Blitz April 25 Early 2023"]
[White "Balla, Tamas-Kristof"]
[Black "Maurizzi, Marc`Andria"]
[WhiteFideId "1208497"]
[BlackFideId "36083534"]
[WhiteElo "2334"]
[BlackElo "2421"]
[Result "1-0"]
[Round "03"]
[TimeControl "180+2"]
[Date "2023.04.25"]
[WhiteClock "0:00:17"]
[BlackClock "0:00:49"]

1. e4 e6 2. d4 d5 3. Nd2 c5 4. exd5 exd5 5. Ngf3 a6 6. c3 Nc6 7. Bd3 Nf6 8. O-O cxd4 9. Nxd4 Nxd4 10. cxd4 Bd6 11. Re1+ Be6 12. Nf3 O-O 13. Ne5 Qb6 14. Bg5 Ne4 15. Bxe4 dxe4 16. Bc1 f6 17. Ng4 f5 18. Ne3 Rac8 19. d5 Bd7 20. b3 Bb5 21. Bb2 f4 22. Qg4 g6 23. Qe6+ Rf7 24. Ng4 Rc7 25. Nf6+ Kf8 26. Nxe4 Rc2 27. Qxd6+ Qxd6 28. Nxd6 Rxb2 29. Nxf7 Kxf7 30. Rad1 Be2 31. Rd4 Bg4 32. d6 Bd7 33. h3 Kf6 34. Re7 Bc6 35. d7 f3 36. d8=Q Rb1+ 37. Re1+ 1-0


[Site "https://www.chess.com"]

[Event "Titled Tuesday Blitz April 25 Early 2023"]
[White "Kozin, Yuri"]
[Black "Kielinkei"]
[WhiteFideId "4129920"]
[WhiteElo "2617"]
[BlackElo "2433"]
[Result "1-0"]
[Round "03"]
[TimeControl "180+2"]
[Date "2023.04.25"]
[WhiteClock "0:00:25"]
[BlackClock "0:00:02"]

1. e4 c5 2. Nf3 e6 3. d4 cxd4 4. Nxd4 Nc6 5. Nc3 Qc7 6. Be3 a6 7. Qf3 Bd6 8. O-O-O Be5 9. Kb1 Nge7 10. h4 Nxd4 11. Bxd4 Bxd4 12. Rxd4 Nc6 13. Rd1 O-O 14. h5 h6 15. g4 Qa5 16. Bd3 b5 17. g5 b4 18. Ne2 Qxg5 19. Rdg1 Qe5 20. Qg2 f5 21. exf5 exf5 22. f4 Qf6 23. Bxf5 d5 24. Qxd5+ Kh8 25. Bxc8 Raxc8 26. Rg6 Qf5 27. Qg2 Qd7 28. Rg1 Rf7 29. Nc1 Nd4 30. Rd1 Rc4 31. Qa8+ Rc8 32. Qe4 Rd8 33. Nb3 Nxb3 34. Rxd7 Rfxd7 35. axb3 1-0


[Site "https://www.chess.com"]

[Event "Titled Tuesday Blitz April 25 Early 2023"]
[White "wqws"]
[Black "ArtemDyachuk"]
[WhiteElo "2615"]
[BlackElo "2432"]
[Result "0-1"]
[Round "03"]
[TimeControl "180+2"]
[Date "2023.04.25"]
[WhiteClock "0:00:15"]
[BlackClock "0:00:05"]

1. e4 c6 2. d4 d5 3. e5 c5 4. Nf3 cxd4 5. Nxd4 e6 6. c4 dxc4 7. Nc3 Bd7 8. Bxc4 Nc6 9. Nf3 Nge7 10. O-O Ng6 11. Re1 a6 12. Ne4 Ncxe5 13. Nxe5 Nxe5 14. Bb3 Bc6 15. Qh5 Ng6 16. Ng5 Qc7 17. Bxe6 fxe6 18. Nxe6 Qc8 19. Bg5 Kf7 20. Qg4 Bd6 21. Qc4 Ne5 22. Nd8+ Kg6 23. Qd4 Qg4 24. Qxd6+ Kh5 25. f3 Nxf3+ 26. Kf2 Nxe1 27. Rxe1 Qxg2+ 28. Ke3 Re8+ 29. Kd3 Rxe1 30. Nxc6 Qe4+ 31. Kc3 Qxc6+ 32. Qxc6 bxc6 33. Bd2 Re6 34. Kc4 Rae8 35. Kc5 g6 0-1


[Site "https://www.chess.com"]

[Event "Titled Tuesday Blitz April 25 Early 2023"]
[White "Sielecki, Christof"]
[Black "Gonzalez Zamora, Juan Carlos"]
[WhiteFideId "4620437"]
[BlackFideId "3507548"]
[WhiteElo "2443"]
[BlackElo "2535"]
[Result "1-0"]
[Round "03"]
[TimeControl "180+2"]
[Date "2023.04.25"]
[WhiteClock "0:00:49"]
[BlackClock "0:00:24"]

1. e4 d6 2. d4 Nf6 3. Nc3 e5 4. Nf3 Nbd7 5. Rg1 exd4 6. Nxd4 Nc5 7. Qe2 Be7 8. Bf4 Ne6 9. Nxe6 Bxe6 10. O-O-O O-O 11. g4 Nd7 12. g5 Re8 13. h4 Bf8 14. h5 a6 15. Kb1 b5 16. Qf3 Qe7 17. Bh3 b4 18. Nd5 Bxd5 19. exd5 Ne5 20. Qg3 g6 21. h6 f6 22. Be6+ Kh8 23. Rge1 Qd8 24. gxf6 Qxf6 25. Rxe5 Bxh6 26. Bxh6 dxe5 27. Bg5 Qg7 28. Qh4 Rf8 29. Rh1 Rf3 30. Bg4 Rf7 31. Be6 Rf3 32. Be3 Re8 33. Qe4 Rf6 34. Bh6 Qe7 35. Qxe5 1-0


[Site "https://www.chess.com"]

[Event "Titled Tuesday Blitz April 25 Early 2023"]
[White "Fan_Of_Chucky"]
[Black "Koellner, Ruben Gideon"]
[BlackFideId "12993093"]
[WhiteElo "2430"]
[BlackElo "2314"]
[Result "0-1"]
[Round "03"]
[TimeControl "180+2"]
[Date "2023.04.25"]
[WhiteClock "0:00:05"]
[BlackClock "0:01:36"]

1. d4 d6 2. c4 e5 3. dxe5 dxe5 4. Qxd8+ Kxd8 5. f4 Be6 6. e4 Bd6 7. f5 Bd7 8. Nc3 Bc5 9. Nf3 f6 10. Bd2 Nc6 11. O-O-O Nd4 12. Nxd4 Bxd4 13. Be2 Ne7 14. g4 h6 15. h4 c6 16. Bf3 Kc7 17. g5 hxg5 18. hxg5 Raf8 19. gxf6 gxf6 20. Rxh8 Rxh8 21. Rh1 Rxh1+ 22. Bxh1 Be8 23. Bf3 Bf7 24. b3 a6 25. Ne2 Bc5 26. Ng3 Kd7 27. Nh5 Ng8 28. Kc2 b5 29. cxb5 cxb5 30. Kd3 Ke7 31. Be3 Bxe3 32. Kxe3 Bxh5 33. Bxh5 Kd6 34. Kd3 Kc5 35. Kc3 b4+ 36. Kd3 Ne7 37. Be8 Nc8 38. Bh5 Nd6 39. Be2 Nb5 40. Ke3 Nc7 41. Bc4 a5 42. Kd3 Ne8 43. Bf7 Nd6 44. Bd5 Nb5 45. Kc2 Nc3 46. a3 Nxd5 47. exd5 Kxd5 48. axb4 axb4 0-1


[Site "https://www.chess.com"]

[Event "Titled Tuesday Blitz April 25 Early 2023"]
[White "Silva, Pedro Gil Ferreira Da"]
[Black "tufferguy"]
[WhiteFideId "1946102"]
[WhiteElo "2255"]
[BlackElo "2611"]
[Result "1-0"]
[Round "03"]
[TimeControl "180+2"]
[Date "2023.04.25"]
[WhiteClock "0:02:03"]
[BlackClock "0:00:14"]

1. c4 e5 2. Nf3 d6 3. g3 f5 4. Bg2 Nf6 5. O-O Be7 6. Nc3 O-O 7. d4 e4 8. Ng5 h6 9. Nh3 g5 10. f4 g4 11. Nf2 h5 12. e3 Kg7 13. b3 h4 14. Bb2 hxg3 15. hxg3 Rh8 16. d5 Qe8 17. Ncxe4 fxe4 18. Nxe4 Nd7 19. Qd4 Qh5 20. Ng5 Nf8 21. e4 Nh7 22. Nxh7 Kxh7 23. e5 Nd7 24. Be4+ Kg8 25. Kf2 dxe5 26. fxe5 Bc5 27. Rh1 Bxd4+ 28. Bxd4 Qf7+ 29. Ke3 Nf8 30. Rxh8+ Kxh8 31. e6+ Qg7 32. Rh1+ Kg8 33. Bxg7 Kxg7 34. Rh4 Nxe6 35. Rxg4+ Kf6 36. dxe6 Bxe6 37. Rh4 Rg8 38. Rh6+ Ke5 39. Rh5+ Kf6 40. Kf4 c6 41. Rh6+ Ke7 42. Rh7+ Bf7 43. g4 Kf6 44. g5+ Ke6 45. Rh6+ Ke7 46. g6 Be6 47. Ke5 Rg7 48. Rh7 Rxh7 49. gxh7 Bf7 50. h8=Q b5 51. Qf6+ Ke8 52. Bg6 Kf8 53. Qxf7# 1-0


[Site "https://www.chess.com"]

[Event "Titled Tuesday Blitz April 25 Early 2023"]
[White "Gil Alba, Hector Luis"]
[Black "Brunner, Nicolas"]
[WhiteFideId "3504670"]
[BlackFideId "620246"]
[WhiteElo "2331"]
[BlackElo "2327"]
[Result "1/2-1/2"]
[Round "03"]
[TimeControl "180+2"]
[Date "2023.04.25"]
[WhiteClock "0:00:01"]
[BlackClock "0:00:05"]

1. e4 e5 2. Nf3 Nf6 3. d4 Nxe4 4. Bd3 d5 5. Nxe5 Nd7 6. Nc3 Nxc3 7. bxc3 Bd6 8. O-O O-O 9. f4 c5 10. Kh1 c4 11. Be2 Nf6 12. Bf3 Bf5 13. g4 Be4 14. g5 Bxf3+ 15. Qxf3 Ne4 16. Nxc4 Rc8 17. Ne3 Nxc3 18. Bb2 Bb8 19. Rae1 Ne4 20. Qg2 Re8 21. c4 dxc4 22. Nxc4 Rxc4 23. Rxe4 b5 24. Rfe1 Rxe4 25. Qxe4 Rc8 26. d5 Bd6 27. Qd4 Bf8 28. Rd1 Rc4 29. Qd2 Qd6 30. Qe3 Qxf4 31. Qxf4 Rxf4 32. d6 f6 33. d7 Be7 34. d8=Q+ Bxd8 35. Rxd8+ Kf7 36. gxf6 gxf6 37. Rd7+ Kg6 38. Rxa7 Rf2 39. Bd4 Rd2 40. Bc3 Rc2 41. Bd4 Rd2 42. Rd7 Rxa2 43. Rd6 Rd2 44. Rxf6+ Kg5 45. Be3+ Kxf6 46. Bxd2 Ke5 47. Kg2 Ke4 48. Kg3 Kd3 49. Ba5 Kc4 50. Kg4 b4 51. Bd8 b3 52. Bf6 Kd3 53. Kg5 Kc2 54. h4 b2 55. Bxb2 Kxb2 56. Kh6 Kc3 57. Kxh7 Kd4 1/2-1/2


[Site "https://www.chess.com"]

[Event "Titled Tuesday Blitz April 25 Early 2023"]
[White "Avazkhonov, Alikhon"]
[Black "Kokoszczynski, Jan"]
[WhiteFideId "14208504"]
[BlackFideId "1174460"]
[WhiteElo "1739"]
[BlackElo "2139"]
[Result "1-0"]
[Round "03"]
[TimeControl "180+2"]
[Date "2023.04.25"]
[WhiteClock "0:00:05"]
[BlackClock "0:00:08"]

1. d4 Nf6 2. c4 e6 3. Nc3 d5 4. cxd5 exd5 5. Bg5 c6 6. e3 Bd6 7. Bd3 h6 8. Bh4 O-O 9. Nf3 a5 10. Qc2 Na6 11. a3 Nc7 12. h3 Re8 13. O-O-O b5 14. g4 b4 15. axb4 axb4 16. Na4 Ne6 17. b3 Be7 18. Rhg1 Bd7 19. g5 hxg5 20. Nxg5 c5 21. Nxe6 Bxe6 22. Nxc5 Qb6 23. Kb2 Ra7 24. Ra1 Rc7 25. Ra6 Qb8 26. Qe2 Rec8 27. Nxe6 fxe6 28. Bxf6 Bxf6 29. Qg4 Kf8 30. Rxe6 Qb7 31. Rxf6+ gxf6 32. Qg8+ Ke7 33. Qg7+ Ke6 34. Qg4+ Kd6 35. e4 dxe4 36. Bxe4 Rc2+ 37. Bxc2 Qc7 38. Qg3+ Ke7 39. Qxc7+ Rxc7 40. Rg4 Kd6 41. Re4 Rc3 42. Re3 Rc7 43. Rd3 Rg7 44. Rg3 Re7 45. Kc1 Re2 46. Rf3 Ke6 47. Kd1 1-0


[Site "https://www.chess.com"]

[Event "Titled Tuesday Blitz April 25 Early 2023"]
[White "Ezat, Mohamed"]
[Black "Dwilewicz, Katarzyna"]
[WhiteFideId "10600906"]
[BlackFideId "1148486"]
[WhiteElo "2386"]
[BlackElo "2065"]
[Result "1-0"]
[Round "03"]
[TimeControl "180+2"]
[Date "2023.04.25"]
[WhiteClock "0:00:14"]
[BlackClock "0:00:04"]

1. d4 d5 2. c4 dxc4 3. e3 Nf6 4. Bxc4 e6 5. Nc3 c5 6. Nf3 a6 7. O-O b5 8. Bd3 Bb7 9. Qe2 Nbd7 10. Rd1 cxd4 11. exd4 Be7 12. Bg5 O-O 13. Rac1 Rc8 14. Bb1 Nd5 15. Qe4 g6 16. Qh4 Re8 17. Nxd5 exd5 18. Rxc8 Bxc8 19. Bxe7 Qxe7 20. Qxe7 Rxe7 21. Rc1 Nb6 22. Rc6 Re6 23. Rc7 f6 24. Bd3 Bd7 25. b3 Rc6 26. Rxc6 Bxc6 27. Ne1 Kf7 28. Be2 Ke6 29. Nd3 Kd6 30. f4 Bd7 31. Kf2 a5 32. Nc5 Bc6 33. g4 a4 34. g5 fxg5 35. fxg5 axb3 36. axb3 Nc8 37. Bg4 Ne7 38. Be6 Nf5 39. Bxf5 gxf5 40. Ke3 Be8 41. Kf4 Bg6 42. Nd3 Ke6 43. b4 Kd6 44. h4 Ke6 45. Kg3 Be8 46. Nf4+ Kd6 47. h5 Bf7 48. Kh4 Ke7 49. g6 hxg6 50. hxg6 Bg8 51. Kg5 Kd6 52. Kxf5 Ke7 53. Ke5 Kd7 54. Nxd5 1-0


[Site "https://www.chess.com"]

[Event "Titled Tuesday Blitz April 25 Early 2023"]
[White "Lima, Kleyton Alcantara"]
[Black "Hamitevici, Vladimir"]
[WhiteFideId "22718397"]
[BlackFideId "13902393"]
[WhiteElo "2009"]
[BlackElo "2401"]
[Result "0-1"]
[Round "03"]
[TimeControl "180+2"]
[Date "2023.04.25"]
[WhiteClock "0:00:51"]
[BlackClock "0:00:34"]

1. d4 Nf6 2. c4 c5 3. d5 b5 4. cxb5 a6 5. bxa6 g6 6. Nc3 Bg7 7. e4 O-O 8. Nf3 Qa5 9. Bd3 Nxd5 10. exd5 Bxc3+ 11. Bd2 Bxd2+ 12. Nxd2 Bxa6 13. Bxa6 Qxa6 14. Qe2 Qxe2+ 15. Kxe2 Na6 16. a3 Rfb8 17. Nc4 Nc7 18. Rhd1 Nb5 19. Rab1 Nd4+ 20. Kd3 Rb3+ 21. Ke4 f5+ 22. Kf4 Ra4 23. Rxd4 cxd4 24. Nd2 Rd3 25. Nf3 Kg7 26. Rc1 Kf6 27. Rc7 e5+ 28. Nxe5 g5# 0-1


[Site "https://www.chess.com"]

[Event "Titled Tuesday Blitz April 25 Early 2023"]
[White "Berezin, Viktor"]
[Black "KorolDimitriy75"]
[WhiteFideId "14107872"]
[WhiteElo "2310"]
[BlackElo "2419"]
[Result "1/2-1/2"]
[Round "03"]
[TimeControl "180+2"]
[Date "2023.04.25"]
[WhiteClock "0:00:28"]
[BlackClock "0:00:04"]

1. d4 Nf6 2. Nf3 g6 3. g3 Bg7 4. Bg2 O-O 5. O-O c5 6. d5 b5 7. c4 d6 8. cxb5 a6 9. Nc3 axb5 10. Nxb5 Ba6 11. Nc3 Nbd7 12. Re1 Qa5 13. e4 Ng4 14. Bd2 Nde5 15. h3 Nxf3+ 16. Bxf3 Ne5 17. Be2 Rfb8 18. Nb5 Qb6 19. a4 Rb7 20. Kg2 Nd7 21. Bc3 Qd8 22. Qd2 Nf6 23. f3 Ne8 24. Bxg7 Kxg7 25. b4 cxb4 26. Qxb4 Nc7 27. Rec1 Bxb5 28. axb5 Rab8 29. Rab1 Qd7 30. b6 Rxb6 31. Qxb6 Rxb6 32. Rxb6 Ne8 33. Rbc6 Qa7 34. R1c2 Qe3 35. R6c3 Qd4 36. Rd3 Qa4 37. Rdc3 Nf6 38. h4 h5 39. Rc7 Kf8 40. Rc8+ Kg7 41. R8c4 Qa3 42. Kf2 Qa7+ 43. Kf1 Qe3 44. R4c3 Qd4 45. Rd3 Qe5 46. Kf2 Qa1 47. Rd1 Qa7+ 48. Kg2 Qa4 49. Rc7 Qa2 50. Kf1 Kf8 51. Rdc1 Qa3 52. Rc8+ Kg7 53. R1c7 Qa1+ 54. Kg2 Qb2 55. Rc2 Qd4 1/2-1/2


[Site "https://www.chess.com"]

[Event "Titled Tuesday Blitz April 25 Early 2023"]
[White "Rottenwohrer Suarez, Juan"]
[Black "Bodnaruk, Anastasia"]
[WhiteFideId "32068182"]
[BlackFideId "4181751"]
[WhiteElo "2174"]
[BlackElo "2310"]
[Result "1-0"]
[Round "03"]
[TimeControl "180+2"]
[Date "2023.04.25"]
[WhiteClock "0:00:04"]
[BlackClock "0:00:01"]

1. c4 e5 2. g3 Nc6 3. Bg2 g6 4. Nc3 Bg7 5. Rb1 f5 6. b4 d6 7. b5 Nce7 8. e3 Nf6 9. Nge2 O-O 10. O-O c6 11. a4 Be6 12. d3 d5 13. bxc6 bxc6 14. cxd5 Nexd5 15. Nxd5 Bxd5 16. Ba3 Rf7 17. d4 Rd7 18. Bxd5+ Nxd5 19. Qb3 Kh8 20. dxe5 Bxe5 21. Bb2 Qf6 22. Rfc1 Bxb2 23. Rxb2 Ne7 24. Rbc2 Rad8 25. Nd4 Rd6 26. Qb7 f4 27. gxf4 g5 28. Nxc6 Nxc6 29. Rxc6 gxf4 30. Rxd6 Qxd6 31. Qb2+ Kg8 32. Qb3+ Kf8 33. exf4 Qxf4 34. Rc3 Qg4+ 35. Rg3 Qd1+ 36. Kg2 Qd5+ 37. Rf3+ Ke7 38. Qe3+ Qe6 39. Qxa7+ Rd7 40. Qc5+ Qd6 41. Qg5+ Ke8 42. Qg8+ Ke7 43. Rf7+ Ke6 44. Rxh7+ Ke5 45. Qg3+ Kd5 46. Rh5+ Kc6 47. Qxd6+ Rxd6 48. a5 Rd3 49. Rg5 Ra3 50. h4 Kd6 51. h5 Ke6 52. f4 Kf6 53. Rb5 Kg7 54. Kf2 Kf6 55. Ke2 Ke6 56. Kd2 Kd6 57. h6 Rh3 58. Rb6+ Kc7 59. Rg6 Ra3 60. a6 Kd7 61. h7 Rh3 62. Rg7+ Kc6 63. a7 1-0


[Site "https://www.chess.com"]

[Event "Titled Tuesday Blitz April 25 Early 2023"]
[White "Taboas Rodriguez, Daniel"]
[Black "Mazurkiewicz, Michal"]
[WhiteFideId "2208466"]
[BlackFideId "1124943"]
[WhiteElo "2365"]
[BlackElo "2054"]
[Result "1-0"]
[Round "03"]
[TimeControl "180+2"]
[Date "2023.04.25"]
[WhiteClock "0:00:36"]
[BlackClock "0:00:01"]

1. d4 Nf6 2. Nf3 g6 3. c4 Bg7 4. Nc3 O-O 5. e4 d6 6. Be2 c5 7. d5 e6 8. O-O exd5 9. exd5 Re8 10. h3 Ne4 11. Nxe4 Rxe4 12. Bd3 Re8 13. Bg5 f6 14. Bf4 f5 15. Re1 Rxe1+ 16. Qxe1 Bxb2 17. Rb1 Bf6 18. Ng5 Qe7 19. Ne6 Na6 20. g4 fxg4 21. hxg4 Nb4 22. Bf1 b6 23. a3 Nc2 24. Qe4 Nd4 25. Re1 Bxe6 26. dxe6 Re8 27. Qd5 Be5 28. Bxe5 dxe5 29. Rxe5 Qf6 30. e7+ Kg7 31. Qd7 Nf3+ 32. Kg2 Nxe5 33. Qxe8 Qf3+ 34. Kg1 Qxg4+ 35. Bg2 Qd1+ 36. Kh2 Qh5+ 37. Bh3 Nf3+ 38. Kg3 Ng5 39. Qf8# 1-0


[Site "https://www.chess.com"]

[Event "Titled Tuesday Blitz April 25 Early 2023"]
[White "Koridze, Lile"]
[Black "Jeet, Jain"]
[WhiteFideId "13612514"]
[BlackFideId "5073022"]
[WhiteElo "2047"]
[BlackElo "2067"]
[Result "0-1"]
[Round "03"]
[TimeControl "180+2"]
[Date "2023.04.25"]
[WhiteClock "0:00:36"]
[BlackClock "0:01:51"]

1. d4 c5 2. d5 e5 3. c4 d6 4. e4 Be7 5. Nf3 Bg4 6. Nbd2 Nd7 7. b3 Ngf6 8. Be2 O-O 9. O-O Ne8 10. h3 Bh5 11. Bb2 a6 12. Re1 Bg6 13. Bd3 f5 14. exf5 Bxf5 15. Ne4 h6 16. Ng3 Bxd3 17. Qxd3 b5 18. Nf5 bxc4 19. bxc4 Rb8 20. Bc3 Nef6 21. N3h4 Rf7 22. Ng6 Bf8 23. Qg3 Kh7 24. Nfh4 Nh5 25. Nxf8+ Nxf8 26. Qd3+ Kg8 27. Bd2 Qxh4 0-1


[Site "https://www.chess.com"]

[Event "Titled Tuesday Blitz April 25 Early 2023"]
[White "Martinez Ramirez, Lennis"]
[Black "Harriott, Tyrell"]
[WhiteFideId "3509079"]
[BlackFideId "2086484"]
[WhiteElo "2410"]
[BlackElo "2107"]
[Result "0-1"]
[Round "03"]
[TimeControl "180+2"]
[Date "2023.04.25"]
[WhiteClock "0:00:05"]
[BlackClock "0:00:06"]

1. c4 e6 2. Nc3 d5 3. cxd5 exd5 4. d4 f5 5. Qb3 Nf6 6. Bg5 c6 7. e3 Bd6 8. Nge2 O-O 9. Nf4 Qe8 10. Bxf6 Bxf4 11. Bh4 Bxe3 12. fxe3 Qxe3+ 13. Ne2 Qh6 14. Bf2 Na6 15. Be3 f4 16. Bd2 Qh4+ 17. g3 fxg3 18. Qxg3 Qe7 19. O-O-O Bf5 20. Rg1 Bg6 21. Nf4 Rxf4 22. Bxf4 Nb4 23. a3 Qe4 24. Kd2 Qxd4+ 25. Ke1 Re8+ 26. Be2 Nd3+ 27. Kf1 Qxf4+ 28. Qxf4 Nxf4 29. Bg4 h5 30. Bf3 Bd3+ 31. Kf2 Nh3+ 32. Kg3 Nxg1 33. Bxh5 Re3+ 34. Kf2 Rh3 35. Bg4 Rh4 36. Kg3 Rxg4+ 37. Kf2 Be4 38. Ke3 Nf3 39. Rf1 Nxh2 40. Rc1 Rg3+ 41. Kd4 Rg4 42. Ke5 Rg6 43. b4 Rf6 44. Kd4 b6 45. b5 c5+ 46. Kc3 Rf3+ 47. Kb2 Rf2+ 48. Kb3 Nf3 49. Ka4 Nd4 50. Rg1 Nxb5 51. Kxb5 d4 52. a4 d3 53. Kc4 d2 54. Kc3 Bf3 55. Rxg7+ Kxg7 56. Kc4 d1=Q 57. Kb5 Qd3# 0-1


[Site "https://www.chess.com"]